 Dungeon Crawl Stone Soup version 0.30-a0-578-gdee14c521f (webtiles) character file.

Game seed: 14068719854305058863

520 jt the Chopper (level 7, 0/91 HPs)
             Began as a Minotaur Fighter on Dec 31, 2022.
             Was an Initiate of Gozag.
             Slain by a gnoll
             ... wielding a +0 club
             ... led by a gnoll sergeant
              (3 damage)
             ... on level 4 of the Dungeon.
             The game lasted 00:08:17 (1875 turns).

jt the Chopper (Minotaur Fighter)                   Turns: 1875, Time: 00:08:17

Health: 0/91       AC: 23    Str: 19 (22) XL:     7   Next: 1%
Magic:  6/6        EV:  2    Int:  1 (4)  God:    Gozag
Gold:   304        SH:  5    Dex: 11 (13) Spells: 6/6 levels left

rFire   . . .      SeeInvis .    C - +0 hand axe (venom)
rCold   . . .      Faith    .    c - +0 buckler
rNeg    . . .      Spirit   .    (body armour currently unavailable)
rPois   +          Reflect  .    (helmet currently unavailable)
rElec   .          Harm     .    (cloak currently unavailable)
rCorr   .          Rampage  .    (gloves currently unavailable)
Will    +....      NoTele   +    (boots currently unavailable)
Stlth   +                        (no amulet)
HPRegen 0.35/turn                h - ring of willpower
MPRegen 0.10/turn                (no ring)

@: tree-form, attractive, studying Air Magic
A: stationary, stasis, torment immunity, boosted hp, (horns 2), (retaliatory
headbutt), agile 1, deterioration 1
a: Renounce Religion, Potion Petition, Call Merchant, Bribe Branch


You were on level 4 of the Dungeon.
You worshipped Gozag.
Gozag was aware of your devotion.
You were a tree.
You visited 1 branch of the dungeon, and saw 5 of its levels.

You collected 324 gold pieces.
You paid 20 gold pieces to Gozag.

Inventory:

Hand Weapons
 a - a +1 war axe
 l - a +0 scythe
 r - a +0 trident
 C - a +0 hand axe of venom (weapon)
 D - a +0 whip of electrocution
Missiles
 e - 31 stones (quivered)
 y - 3 poisoned darts
Armour
 c - a +0 buckler (worn)
 s - a +0 pair of boots (melded)
 t - a +0 chain mail (melded)
 u - a +0 cloak (melded)
Jewellery
 h - a ring of willpower (left branch)
Wands
 d - a wand of digging (5)
 n - a wand of mindburst (13)
Scrolls
 f - a scroll of summoning {unknown}
 i - a scroll of enchant armour {unknown}
 j - a scroll of enchant weapon
 m - a scroll of immolation {unknown}
 o - a scroll of fog
 v - a scroll of identify {unknown}
 w - a scroll of teleportation {unknown}
 A - a scroll of amnesia {unknown}
 B - a scroll of vulnerability {unknown}
Potions
 b - a potion of lignification
 k - 2 potions of attraction
 p - a potion of mutation
 q - a potion of ambrosia {unknown}
 x - a potion of degeneration
 z - a potion of magic {unknown}


   Skills:
 + Level 5.5 Fighting
 * Level 6.4 Axes
 + Level 3.9 Armour
 + Level 5.5 Shields
 + Level 1.4 Evocations


You had 6 spell levels left.
You didn't know any spells.
Your spell library contained the following spells:

 Spells                   Type           Power      Damage    Failure   Level
 Magic Dart               Conj           0%         1d3       65%         1
 Searing Ray              Conj           0%         2d4       80%         2
 Fulminant Prism          Conj/Hex       0%         3d5       100%        4


Dungeon Overview and Level Annotations

Branches:
Dungeon (5/15)
 Temple: D:4-7

Altars:
Ashenzari
Gozag
Okawaru


Innate Abilities, Weirdness & Mutations

You are a tree.
Your roots penetrate the ground, keeping you stationary.
You cannot be teleported.
You are immune to unholy pain and torment.
Your maximum health is greatly increased.
Your equipment is partially melded.
((You have a pair of horns on your head.))
((You reflexively headbutt those who attack you in melee.))
You are agile. (Dex +4, Str/Int -1)
Your body sometimes deteriorates upon taking damage.


Message History

It was a potion of curing.
You feel better.
The gnoll sergeant hits you with a +2 spear of venom.
* * * LOW HITPOINT WARNING * * *
Press: ? - help, v - describe, . - travel
Here: a gnoll sergeant, wielding a +2 spear of venom and wearing a +0 scale mail (lightly wounded, very poisoned)
The floor.
Aiming: Mindburst
Press: ? - help, Shift-Dir - straight line, f - gnoll sergeant
Aim: a gnoll sergeant, wielding a +2 spear of venom and wearing a +0 scale mail (lightly wounded, very poisoned, chance to affect: 71%)
The gnoll sergeant struggles to resist.
The gnoll shouts!
The gnoll is no longer distracted by gold.
The gnoll hits you but does no damage.
The gnoll sergeant hits you with a +2 spear of venom.
* * * LOW HITPOINT WARNING * * *
It was a potion of degeneration.
There was something very wrong with that liquid.
You feel weakened.
You feel dopey.
You feel clumsy. The gnoll hits you but does no damage.
The gnoll sergeant hits you but does no damage.
You are poisoned.
It was a potion of mutation.
You feel extremely strange.
You feel yourself wasting away.
You feel agile.
* * * LOW HITPOINT WARNING * * *
You feel sick. The gnoll hits you with a +0 club.
* * * LOW HITPOINT WARNING * * *
The gnoll sergeant hits you but does no damage.
You are more poisoned.
You feel better.
The gnoll is no longer distracted by gold.
The gnoll hits you with a +0 club.
* * * LOW HITPOINT WARNING * * *
The gnoll barely misses you.
The gnoll sergeant hits you with a +2 spear of venom!
* * * LOW HITPOINT WARNING * * *
You hit the gnoll sergeant but do no damage.
The gnoll sergeant is moderately wounded.
You slash the gnoll!
The gnoll is poisoned.
The gnoll hits you with a +0 club.
You die...
Your body crumbles into a pile of gold.

.. .# .. .# # g# #. g#
###.#####g####
#.......♣g...#### #######
#.....)##....##..##.##.~.
#...##.####### #s#Bs.#s#
#...#...#########s#B#ss##
......#......############
....#...#####............
#.##.#)## ##........._...
.. #.#.####..............
# #.#)......############


You could see a gnoll sergeant (poisoned) and 3 gnolls.

Vanquished Creatures
  Sigmund (D:2)
  An ice beast (D:3)
  Jessica (D:2)
  An iguana (D:4)
  Natasha (twice) (D:2)
  A gnoll (D:1)
  6 adders
  A worm (D:3)
  A dart slug (D:4)
  7 orcs
  8 bats
  4 endoplasms
  3 giant cockroaches
  7 goblins
  7 hobgoblins
  8 jackals
  A quokka (D:1)
  2 ball pythons
  6 frilled lizards
  7 kobolds
  8 rats
83 creatures vanquished.

Vanquished Creatures (others)
  3 plants (D:2)
3 creatures vanquished.

Grand Total: 86 creatures vanquished

Notes
Turn   | Place    | Note
-------+----------+-------------------------------------------
     0 | D:1      | jt the Minotaur Fighter began the quest for the Orb.
     0 | D:1      | Reached XP level 1. HP: 19/19 MP: 0/0
    45 | D:2      | Reached skill level 3 in Axes
    45 | D:2      | Reached XP level 2. HP: 27/27 MP: 1/1
   328 | D:2      | Noticed Sigmund
   334 | D:2      | Reached XP level 3. HP: 18/33 MP: 2/2
   338 | D:2      | Killed Sigmund
   339 | D:2      | Reached skill level 5 in Axes
   339 | D:2      | Reached XP level 4. HP: 11/41 MP: 3/3
   339 | D:2      | Reached XP level 5. HP: 12/47 MP: 4/4
   596 | D:3      | Reached skill level 5 in Shields
   619 | D:3      | Reached skill level 5 in Fighting
   628 | D:3      | Reached XP level 6. HP: 28/56 MP: 5/5
   722 | D:2      | Noticed Jessica
   726 | D:2      | Killed Jessica
   785 | D:3      | Noticed an ice beast
   804 | D:3      | Killed an ice beast
   805 | D:3      | Reached skill level 6 in Axes
   805 | D:3      | Reached skill level 1 in Evocations
   829 | D:3      | Found an opulent altar of Gozag.
   855 | D:3      | Became a worshipper of Gozag Ym Sagoz the Greedy
   941 | D:5      | Entered Level 5 of the Dungeon
  1026 | D:2      | Noticed Natasha
  1033 | D:2      | Killed Natasha
  1598 | D:2      | Noticed Natasha
  1606 | D:2      | Killed Natasha
  1767 | D:4      | Found an iron altar of Okawaru.
  1804 | D:4      | Found a broken altar of Ashenzari.
  1808 | D:4      | Saw a vision of the Shoals and the Spider Nest.
  1808 | D:4      | Noticed a boulder beetle
  1808 | D:4      | Noticed a radroach
  1808 | D:4      | Noticed a steelbarb worm
  1808 | D:4      | Noticed a wolf spider
  1808 | D:4      | Noticed a snapping turtle
  1808 | D:4      | Noticed a merfolk impaler
  1808 | D:4      | Noticed a snapping turtle
  1808 | D:4      | Noticed a merfolk avatar
  1808 | D:4      | Noticed a sea snake
  1808 | D:4      | Noticed a merfolk siren
  1808 | D:4      | Noticed a merfolk impaler
  1808 | D:4      | Noticed a harpy
  1808 | D:4      | Noticed a culicivora
  1808 | D:4      | Noticed a wind drake
  1809 | D:4      | Noticed a jumping spider
  1810 | D:4      | Noticed an orb spider
  1810 | D:4      | Noticed a tarantella
  1813 | D:4      | Noticed a wolf spider
  1813 | D:4      | Noticed a culicivora
  1843 | D:4      | Reached XP level 7. HP: 41/61 MP: 6/6
  1873 | D:4      | Gained mutation: Your body sometimes deteriorates upon
                  | taking damage. [potion of mutation]
  1873 | D:4      | Gained mutation: You are agile. (Dex +4, Str/Int -1)
                  | [potion of mutation]
  1874 | D:4      | HP: 3/91 [gnoll sergeant/+2 spear of venom (10)]
  1875 | D:4      | Slain by a gnoll

Illustrated notes

Levels and vault maps discovered:
D:1:      spicycebolla_green_bress_n_ham_2, layout_basic, solitary_fountain,
          nicolae_concentric_dashed_squares_wild
D:2:      layout_basic, serial_bayou_pond_a, uniq_natasha, uniq_sigmund,
          uniq_jessica
D:3:      minmay_octagon_keep, layout_basic, grunt_gozag_breadcrumbs
D:4:      layout_loops_ring, okawaru_trees_2, grunt_ashenzari_visionary
          [grunt_ashenzari_visionary_shoals, grunt_ashenzari_visionary_spider],
          minmay_temple_entry_mist, lemuel_flame_loot_1
D:5:      layout_basic, nzn_overflow_gifts_of_might_and_magic,
          kennysheep_slug_shrine, nicolae_ru_sacrificial_ziggurat,
          grunt_decor_one_mirror, minmay_diced_spiral, uniq_eustachio

Skill      XL: |  1  2  3  4  5  6 |
---------------+-------------------+-----
Axes           | 3 5 6 |  6.4
Shields        | 4 5 |  5.5
Fighting       | 4 5 |  5.5
Evocations     | 1 |  1.4
Armour         | |  3.9

Action                   |  1- 3 |  4- 6 |  7- 9 || total
-------------------------+-------+-------+-------++-------
Melee: War axe           |    39 |   115 |       ||   154
       Headbutt          |     4 |    17 |     2 ||    23
       Hand axe          |       |     8 |    12 ||    20
Throw: Stone             |       |     1 |       ||     1
Evoke: Wand              |       |       |     1 ||     1
  Use: Potion            |     1 |       |     6 ||     7
       Scroll            |       |     2 |       ||     2
Armor: Scale mail        |    14 |    29 |       ||    43
       Chain mail        |       |    23 |     5 ||    28
       Skin              |       |       |     4 ||     4
Dodge: Dodged            |    19 |    53 |     1 ||    73
Block: Buckler           |     1 |    16 |     4 ||    21

Table legend: (Time is in decaauts)
 A = Elapsed time spent in this place.
 B = Non-inter-level travel time spent in this place.
 C = Inter-level travel time spent in this place.
 D = Time resting spent in this place.
 E = Time spent auto-exploring this place.
 F = Levels seen in this place.
 G = Mean time per level.
                   A        B        C        D        E       F      G
               +--------+--------+--------+--------+--------+-----+--------+
         Total |   1917 |   1734 |    183 |    146 |     11 |   5 |  383.4 |
       Dungeon |   1917 |   1734 |    183 |    146 |     11 |   5 |  383.4 |
               +--------+--------+--------+--------+--------+-----+--------+

Top non-repeatable levels by time:
     D:2: 598 daAuts
     D:1: 583 daAuts
     D:3: 548 daAuts
     D:4: 184 daAuts
     D:5: 1 daAuts
